 Dungeon Crawl Stone Soup version 0.32-a0-886-g41c5271027 (webtiles) character file.

Game seed: 2207190635700559413

321 timneilson the Ruffian (level 6, -10/39 HPs)
             Began as an Octopode Shapeshifter on Apr 3, 2024.
             Splashed by a jelly's acid (11 damage)
             ... in a sewer.
             The game lasted 00:06:35 (2797 turns).

timneilson the Ruffian (Octopode Shapeshifter)      Turns: 2797, Time: 00:06:36

Health: -10/39     AC: -11   Str: 15    XL:     6   Next: 46%
Magic:  6/6        EV: 11    Int: 12    God:
Gold:   129        SH:  7    Dex: 12    Spells: 5/5 levels left

rFire   + .          .
                       - Unarmed
rCold   . . .        h - +0 kite shield
rNeg    . . .        (helmet currently unavailable)
rPois   +            (no amulet)
rElec   .            g - ring of protection from fire
rCorr   .            j - ring of poison resistance
SInv    .            (no ring)
Will    .....        (no ring)
Stlth   ++++         (no ring)
HPRegen 0.26/turn    (no ring)
MPRegen 0.10/turn    (no ring)
                     (no ring)

%: no passive effects
@: beast-form, corroded
A: beast (slay +2), almost no armour, amphibious, 8 rings, camouflage 1,
gelatinous body 1, nimble swimmer 1, tentacles
a: Begin Untransformation


You were in a sewer.
You were a hulking beast.
You visited 1 branch of the dungeon, and saw 4 of its levels.
You also visited: Sewer.

You collected 129 gold pieces.

Inventory:

Missiles
 e - 6 poisoned darts (quivered)
Armour
 h - a +0 kite shield (worn)
Jewellery
 g - a ring of protection from fire (left tentacle)
 j - a ring of poison resistance (right tentacle)
Talismans
 b - a beast talisman (active)
 c - a flux talisman
Scrolls
 f - a scroll of enchant weapon
 k - a scroll of poison {unknown}
 m - a scroll of identify
Potions
 a - 3 potions of lignification
 d - a potion of curing
 i - a potion of haste {unknown}
 l - a potion of mutation {unknown}


   Skills:
 + Level 2.2 Fighting
 * Level 3.6 Dodging
 + Level 2.7 Stealth
 + Level 0.9 Shields
 * Level 4.2 Unarmed Combat
 * Level 4.2 Shapeshifting


You had 5 spell levels left.
You didn't know any spells.
Your spell library contained the following spells:

 Spells                   Type           Power      Damage    Failure   Level
 Apportation              Tloc           0%         N/A       75%         1
 Jinxbite                 Hex            0%         N/A       86%         2
 Alistair's Intoxication  Alch           0%         N/A       100%        5


Dungeon Overview and Level Annotations

Branches:
Dungeon (4/15)              Sewer (1/1)
 Temple: D:4-7

Altars:

Annotations:
D:2 1 runed translucent door, Crazy Yiuf


Innate Abilities, Weirdness & Mutations

You are a hulking beast.
Your limbs bulge with bestial killing power. (Slay +2)
You cannot wear most types of armour.
You are amphibious.
You can wear up to eight rings at the same time.
Your skin changes colour to match your surroundings (Stealth+).
Your rubbery body absorbs attacks. (AC +1, EV +1)
You are camouflaged when in or above water. (Stealth+)
You have tentacles for arms and can constrict up to eight enemies at once.


Message History

An endoplasm comes into view.
You enter the shallow water.
An endoplasm comes into view.
The endoplasm quivers.
You enter the shallow water.
You tentacle-slap the endoplasm.
You kill the endoplasm!
The frilled lizard hisses angrily.
The endoplasm quivers.
You tentacle-slap the frilled lizard.
You kill the frilled lizard!
Unknown command.
You bludgeon the endoplasm!
You kill the endoplasm!
An endoplasm comes into view.
The endoplasm quivers.
You enter the shallow water.
A jelly comes into view.
Found a murky puce potion.
You enter the shallow water.
The helpless jelly fails to defend itself.
You tentacle-slap the jelly.
Your tentacles burn!
The jelly is lightly wounded.
The jelly completely misses you.
You tentacle-slap the jelly.
Your tentacles burn!
You squeeze the jelly!
The jelly is severely wounded.
The jelly hits you. The acid corrodes you!
You are splashed with acid!
You tentacle-slap the jelly.
Your tentacles burn!
The jelly is almost dead.
The jelly hits you.
You are splashed with acid!
* * * LOW HITPOINT WARNING * * *
You tentacle-slap the jelly but do no damage.
The acid corrodes you!
Your tentacles burn!
* * * LOW HITPOINT WARNING * * *
You tentacle-slap the jelly, but do no damage.
The jelly is almost dead.
The jelly hits you.
* * * LOW HITPOINT WARNING * * *
The acid corrodes you!
You are splashed with acid!
You die...

≈≈# ##.~~.~. .≈############
#~~~~~ ....~....~~..# #.J.#
.~........~~.# ####..# ..#
.≈#########~.###~~~..# .#.~#
≈≈# #..##~~J..~## ~~..# ###
#.~##~.##.~~##.~~##~
###########..##...##†~.#~~...~
#..~.~†..~~~.###h~.##..~...~..
#....~~.~~...# ##J!##~~~....#
#~.########### ###~..~.~###
#~.# ##.~......# #..#
#~~††###~.~# #~.## ##.†~##
#~~~# #†..### ###~~.## #~.#
#~~~..#########...~.# ..
##.....~.~†...~....##


You could see a jelly and an endoplasm.

Vanquished Creatures
  A phantom (D:2)
  2 hounds (D:4)
  4 gnolls (D:3)
  4 adders
  2 dart slugs (D:1)
  3 ribbon worms (D:3)
  3 orcs (D:3)
  16 endoplasms
  7 giant cockroaches
  6 goblins
  6 hobgoblins
  11 jackals
  4 kobolds
  3 quokkas (D:2)
  8 ball pythons
  7 bats
  12 frilled lizards
  12 rats
111 creatures vanquished.

Notes
Turn   | Place    | Note
-------+----------+-------------------------------------------
     0 | D:1      | timneilson the Octopode Shapeshifter began the quest for
                  | the Orb.
     0 | D:1      | Reached XP level 1. HP: 13/13 MP: 1/1
    61 | D:1      | Reached XP level 2. HP: 14/18 MP: 2/2
   350 | D:1      | Reached XP level 3. HP: 23/23 MP: 3/3
   447 | D:1      | Reached skill level 1 in Stealth
   930 | D:2      | Noticed a phantom
   939 | D:2      | Killed a phantom
   940 | D:2      | Reached XP level 4. HP: 14/29 MP: 4/4
   940 | D:2      | Reached XP level 5. HP: 17/34 MP: 5/5
  1265 | D:2      | Found a runed translucent door.
  1266 | D:2      | Noticed Crazy Yiuf
  1839 | D:3      | Found a faded altar of an unknown god.
  2383 | D:4      | Reached XP level 6. HP: 39/39 MP: 6/6
  2470 | D:4      | Found a glowing drain.
  2519 | Sewer    | Entered a sewer
  2797 | Sewer    | HP: 1/39 [jelly (1)]
  2797 | Sewer    | Splashed by a jelly's acid

Illustrated notes

Levels and vault maps discovered:
D:1:      grunt_arrival_lava_bath, layout_loops_ring
D:2:      layout_loops_ring, minmay_misc_feat_secret_circle,
          uniq_crazy_yiuf_cottage
D:3:      layout_basic, shapermc_ecumenical_altar_gd, minmay_misc_feat_ornament
D:4:      layout_basic, nicolae_wu_jian_wuxing_cycle, minmay_temple_entry_trees,
          mainiacjoe_sewer_entry_somewhere_in_here_1, corner_web_ring
Sewer:    sewer_hellmonk_slimy_pipes

Skill      XL: |  1  2  3  4  5 |
---------------+----------------+-----
Stealth        | 2 |  2.7
Dodging        | 3 |  3.6
Unarmed Combat | 4 |  4.2
Fighting       | 2 |  2.2
Shapeshifting  | 4 |  4.2
Shields        | |  0.9

Action                     |  1- 3 |  4- 6 || total
---------------------------+-------+-------++-------
  Melee: Unarmed           |    65 |   102 ||   167
         Constrict         |    22 |    34 ||    56
         Tentacles         |    12 |    36 ||    48
         Punch             |     3 |     5 ||     8
    Use: Scroll            |     3 |     4 ||     7
   Stab: Sleeping          |    15 |     7 ||    22
 Armour: Skin              |    27 |    43 ||    70
  Dodge: Dodged            |    26 |    47 ||    73
  Block: Kite shield       |       |    32 ||    32

Table legend: (Time is in decaauts)
 A = Elapsed time spent in this place.
 B = Non-inter-level travel time spent in this place.
 C = Inter-level travel time spent in this place.
 D = Time resting spent in this place.
 E = Time spent auto-exploring this place.
 F = Levels seen in this place.
 G = Mean time per level.
                   A        B        C        D        E       F      G
               +--------+--------+--------+--------+--------+-----+--------+
         Total |   2799 |   2699 |    100 |    144 |   1782 |   5 |  559.8 |
       Dungeon |   2518 |   2418 |    100 |     26 |   1717 |   4 |  629.5 |
         Sewer |    281 |    281 |      0 |    118 |     65 |   1 |  281.0 |
               +--------+--------+--------+--------+--------+-----+--------+

Top non-repeatable levels by time:
     D:2: 1008 daAuts
     D:1: 730 daAuts
     D:3: 640 daAuts
   Sewer: 281 daAuts
     D:4: 139 daAuts
